 Dungeon Crawl Stone Soup version 0.19.5 (webtiles) character file.

44886 Lostpass the Thaumaturge (level 13, -10/80 HPs)
             Began as a Deep Elf Fire Elementalist on Mar 5, 2017.
             Was a High Priest of Vehumet.
             Mangled by a dire elephant (34 damage)
             ... on level 6 of the Lair of Beasts on Mar 9, 2017.
             The game lasted 03:26:37 (20145 turns).

Lostpass the Thaumaturge (DEFE)                    Turns: 20145, Time: 03:26:37

Health: -10/80     AC: 12    Str: 14      XL:     13   Next: 98%
Magic:  11/37      EV: 19    Int: 25 (26) God:    Vehumet [*****.]
Gold:   679        SH:  0    Dex: 15 (16) Spells: 12 memorised, 2 levels left

rFire  . . .     SeeInvis .     a - +9 great sword "Fottory" {flame, Str+2}
rCold  + . .     Gourm    .     J - +2 leather armour {rC+}
rNeg   . . .     Faith    .     (shield currently unavailable)
rPois  .         Spirit   .     (no helmet)
rElec  .         Reflect  .     e - +1 cloak
rCorr  .         Harm     .     L - +1 pair of gloves
MR     +....                    h - +1 pair of boots
Stlth  ++++......               D - amulet of regeneration
                                P - ring of magical power
                                K - +6 ring of strength

@: very slightly contaminated, hasted, very quick
A: blink, blurry vision 1, clever 1, deterioration 1, low mp 1, robust 1
a: Blink, Renounce Religion


You were on level 6 of the Lair of Beasts.
You worshipped Vehumet.
Vehumet was extremely pleased with you.
You were not hungry.

You visited 3 branches of the dungeon, and saw 15 of its levels.

You collected 871 gold pieces.
You spent 192 gold pieces at shops.

Inventory:

Hand Weapons
 a - the +9 great sword "Fottory" (weapon) {flame, Str+2}
   (You found it on level 4 of the Lair of Beasts)

   It has been specially enchanted to burn those struck by it, causing extra
   injury to most foes and up to half again as much damage against particularly
   susceptible opponents.
   Big, fiery blades are also staple armaments of hydra-hunters.
   It affects your strength (+2).
 b - a +1 dagger
Armour
 e - a +1 cloak (worn)
 h - a +1 pair of boots (worn)
 J - a +2 leather armour of cold resistance (worn)
 L - a +1 pair of gloves (worn)
Jewellery
 g - an uncursed ring of wizardry
 u - an uncursed ring of flight
 x - an uncursed ring of protection from cold
 D - an amulet of regeneration (around neck)
 K - a +6 ring of strength (left hand)
 P - a ring of magical power (right hand)
Wands
 k - a wand of disintegration (4/24)
 v - a wand of digging (5/24)
 y - a wand of polymorph (13/24)
 E - a wand of heal wounds (1/9)
 I - a wand of lightning (8/15)
 Q - a wand of hasting (0/9)
 R - a wand of slowing (24/48)
 S - a wand of random effects (17/48)
 V - a wand of hasting (7/9)
 W - a wand of teleportation (4/9)
 X - a wand of paralysis (10/24)
Scrolls
 i - 4 scrolls of enchant armour
 j - 5 scrolls of remove curse
 n - a scroll of amnesia
 o - a scroll of recharging
 p - 4 scrolls of magic mapping
 q - a scroll of fear
 z - 3 scrolls of blinking
 B - 2 scrolls of enchant weapon
 G - 7 scrolls of teleportation
 T - a scroll of fog
Potions
 r - 6 potions of curing
 t - a potion of brilliance
 C - a potion of agility
 M - 2 potions of ambrosia
 Y - a potion of resistance
 Z - a potion of magic
Books
 f - a book of Flames

   Spells                             Type                      Level
   a - Flame Tongue                   Conjuration/Fire             1
   b - Throw Flame                    Conjuration/Fire             2
   c - Conjure Flame                  Conjuration/Fire             3
   d - Inner Flame                    Hexes/Fire                   3
   e - Sticky Flame                   Conjuration/Fire             4
   f - Fireball                       Conjuration/Fire             5
 s - a book of Conjurations

   Spells                             Type                      Level
   a - Magic Dart                     Conjuration                  1
   b - Searing Ray                    Conjuration                  2
   c - Dazzling Spray                 Conjuration/Hexes            3
   d - Fulminant Prism                Conjuration/Hexes            4
   e - Iskenderun's Mystic Blast      Conjuration                  4
   f - Iskenderun's Battlesphere      Conjuration/Charms           5
 A - a book of Misfortune

   Spells                             Type                      Level
   a - Confusing Touch                Hexes                        1
   b - Confuse                        Hexes                        3
   c - Gell's Gravitas                Hexes/Translocation          3
   d - Petrify                        Transmutation/Earth          4
   e - Metabolic Englaciation         Hexes/Ice                    5
   f - Yara's Violent Unravelling     Hexes/Transmutation          5
Miscellaneous
 w - a box of beasts
 N - a crystal ball of energy
Comestibles
 c - 6 bread rations
 d - a royal jelly
 l - 8 chunks of flesh
 m - 3 slices of pizza
 F - 3 meat rations
 H - 21 fruits
 O - 2 beef jerkies


   Skills:
 + Level 5.4 Fighting
 + Level 5.2(7.5) Short Blades
 + Level 7.5(8.2) Long Blades
 + Level 4.5 Armour
 + Level 10.6 Dodging
 + Level 9.5 Stealth
 + Level 12.6 Spellcasting
 + Level 10.8 Conjurations
 + Level 6.5 Hexes
 + Level 0.4 Charms
 + Level 1.6 Translocations
 + Level 10.8 Fire Magic
 + Level 1.9 Poison Magic
 + Level 2.1 Evocations


You had 2 spell levels left.
You knew the following spells:

 Your Spells              Type           Power        Failure   Level  Hunger
a - Flame Tongue          Conj/Fire      #####        1%          1    None
b - Throw Flame           Conj/Fire      ######       1%          2    None
c - Conjure Flame         Conj/Fire      ######..     1%          3    None
d - Inner Flame           Hex/Fire       ######..     1%          3    None
e - Sticky Flame          Conj/Fire      ######..     1%          4    None
f - Confuse               Hex            #####...     1%          3    None
g - Gell's Gravitas       Hex/Tloc       #####.....   2%          3    None
i - Searing Ray           Conj           ######       1%          2    None
j - Dazzling Spray        Conj/Hex       ######       1%          3    None
m - Fireball              Conj/Fire      ######....   1%          5    ###....
p - Iskenderun's Battles  Conj/Chrm      #####...     4%          5    ###....
s - Sting                 Conj/Pois      ####         1%          1    None


Dungeon Overview and Level Annotations

Branches:
Dungeon (8/15)             Temple (1/1) D:7            Lair (6/6) D:8
 Shoals (0/4) Lair:3       Spider (0/4) Lair:3        Slime (0/5) Lair:6

Altars:
Ashenzari
Cheibriados
Dithmenos
Fedhas
Gozag
Hepliaklqana
Kikubaaqudgha
Makhleb
Nemelex Xobeh
Okawaru
Qazlal
Ru
Sif Muna
Trog
Uskayaw
Vehumet
Xom
Yredelemnul
Zin
The Shining One

Shops:
D:7 *!


Innate Abilities, Weirdness & Mutations

You can translocate small distances at will.
Scrolls take you a little longer to read.
Your mind is acute. (Int +2)
Your body sometimes deteriorates upon taking damage.
Your magical capacity is low. (-10% MP)
You are robust. (+10% HP)


Message History

The dire elephant is moderately wounded.
The dire elephant is covered in liquid flames!
The dire elephant burns!
The dire elephant tramples you!
* * * LOW HITPOINT WARNING * * *
You stumble backwards!
Evoke which item? (* to show all) (? for menu, Esc to quit)
Zapping:
E - a wand of heal wounds (2/9)
Press: ? - help, Shift-Dir - straight line, f - you, p - dire elephant You feel much better.
This wand has 1 charge left.
The dire elephant burns!
The dire elephant tramples you!
* * * LOW HITPOINT WARNING * * *
You stumble backwards!
Evoke which item? (* to show all) (? for menu, Esc to quit)
Zapping:
Q - a wand of hasting (1/9)
Press: ? - help, Shift-Dir - straight line, f - you You feel yourself speed up.
You are very lightly contaminated with residual magic.
This wand has 0 charges left.
The dire elephant burns!
The dire elephant tramples you!!
You die...

......#..##.....# #.
......##.......#.## #.
.P......#......##.# ### #.
#..P.....##'.#.P..###.# ##
......................### #P
......................#P########P
..............♣..................
##♣.......♣########'''########♣..
####♣....###..YY@...........P###.
}.P##♣♣♣##..§#####8.⌠.8#####...##
...# ####.###..###...###.≈###.##
P..####....#.../.#######.≈≈≈≈#...
##'#....####.....##....#≈≈≈≈.####
♣#...####..#.....#=)...'≈≈≈≈.#8.#
...#.#.....'.....#=)...'≈≈≈..'...
...8.......##...###(...##≈≈.##8..
♣♣.♣############# ###############


You could see 2 dire elephants.

Vanquished Creatures
  Nessos (Lair:5)
  3 dire elephants (Lair:6)
  3 hydras
  A catoblepas (Lair:6)
  An anaconda (Lair:6)
  Urug (Lair:5)
  Pikel (D:7)
  A wolf spider (Lair:3)
  The ghost of Felix the Covert, a novice NaIE of Cheibriados (D:5)
  An oklob plant (Lair:2)
  2 deep elf magi
  22 elephants
  3 black mambas
  7 spiny frogs
  A centaur skeleton (D:8)
  A rime drake (Lair:3)
  8 komodo dragons
  Grinder (D:3)
  31 blink frogs
  10 dream sheep
  7 hippogriffs
  A spriggan (D:7)
  32 yaks
  Eustachio (D:5)
  3 basilisks
  A hell hound (D:8)
  9 water moccasins
  4 porcupines
  An ice beast (D:5)
  2 orc warriors
  3 sky beasts (D:5)
  A black bear (D:7)
  3 phantoms
  13 wolves
  4 ogres
  A centaur (D:6)
  18 crocodiles
  11 bullfrogs
  A gnoll sergeant (D:5)
  A wyvern zombie (D:7)
  2 scorpions
  7 killer bees
  5 wights (D:8)
  4 crimson imps
  2 jellies
  4 orc priests
  2 orc wizards
  2 bullfrog skeletons
  Jessica (D:2)
  Ijyb (D:2)
  Natasha (thrice) (D:2)
  4 iguanas
  5 worker ants
  A hound skeleton (D:8)
  9 adders
  5 gnolls
  2 shadow imps (D:7)
  2 oozes
  2 adder skeletons
  3 worms
  4 dart slugs
  4 leopard geckos
  26 orcs
  7 bats
  8 giant cockroaches
  7 goblins
  9 hobgoblins
  9 jackals
  7 kobolds
  4 quokkas
  5 frilled lizards
  A leopard gecko skeleton (D:5)
  A leopard gecko zombie (D:6)
  A quokka zombie (D:5)
  12 rats
  3 plants (Lair:6)
391 creatures vanquished.

Vanquished Creatures (others)
  A big kobold (D:7)
  5 fungi (Lair:6)
  7 plants (Lair:6)
13 creatures vanquished.

Grand Total: 404 creatures vanquished

Notes
Turn   | Place    | Note
-------+----------+-------------------------------------------
     0 | D:1      | Lostpass the Deep Elf Fire Elementalist began the quest for the Orb.
     0 | D:1      | Reached XP level 1. HP: 10/10 MP: 6/6
   237 | D:1      | Reached XP level 2. HP: 15/15 MP: 4/8
   241 | D:1      | Learned a level 2 spell: Throw Flame
  1154 | D:2      | Noticed Jessica
  1206 | D:2      | Killed Jessica
  1206 | D:2      | Reached XP level 3. HP: 19/19 MP: 6/10
  1236 | D:2      | Noticed Natasha
  1243 | D:2      | Killed Natasha
  1243 | D:2      | Reached skill level 4 in Spellcasting
  1243 | D:2      | Reached XP level 4. HP: 24/24 MP: 7/12
  1257 | D:2      | Learned a level 3 spell: Conjure Flame
  1261 | D:2      | Learned a level 3 spell: Inner Flame
  1962 | D:2      | Found a blossoming altar of Fedhas.
  1962 | D:2      | Found an opulent altar of Gozag.
  2076 | D:2      | Reached XP level 5. HP: 26/28 MP: 7/13
  2258 | D:2      | Noticed Ijyb
  2260 | D:2      | Noticed Natasha
  2275 | D:2      | Killed Natasha
  2288 | D:2      | Killed Ijyb
  2595 | D:2      | Noticed Natasha
  2597 | D:2      | Killed Natasha
  2710 | D:3      | Found a deep blue altar of Sif Muna.
  2711 | D:3      | Found a basalt altar of Yredelemnul.
  2753 | D:3      | Noticed Grinder
  2766 | D:3      | Killed Grinder
  2766 | D:3      | Reached skill level 1 in Short Blades
  2766 | D:3      | Reached skill level 5 in Spellcasting
  2766 | D:3      | Reached XP level 6. HP: 32/32 MP: 6/15
  2910 | D:3      | Learned a level 4 spell: Sticky Flame
  3073 | D:3      | Reached skill level 1 in Hexes
  3568 | D:3      | Found a glowing golden altar of the Shining One.
  3707 | D:3      | Reached XP level 7. HP: 15/37 MP: 5/17
  3707 | D:3      | Reached skill level 1 in Fighting
  3925 | D:3      | Reached skill level 5 in Conjurations
  4361 | D:4      | Reached skill level 6 in Spellcasting
  4361 | D:4      | Reached skill level 5 in Fire Magic
  5016 | D:4      | Found an ancient bone altar of Kikubaaqudgha.
  5237 | D:5      | Entered Level 5 of the Dungeon
  5256 | D:5      | Reached XP level 8. HP: 43/43 MP: 8/19
  5256 | D:5      | Reached skill level 5 in Dodging
  5331 | D:5      | Noticed Felix's ghost (novice NaIE)
  5347 | D:5      | Killed Felix's ghost
  5347 | D:5      | Reached skill level 7 in Spellcasting
  5546 | D:5      | Reached skill level 5 in Stealth
  5851 | D:5      | Gained mutation: Your flesh is cold resistant. (rC+) [mutagenic meat]
  5852 | D:5      | Gained mutation: Potions and wands are less effective at restoring your health. [mutagenic meat]
  5853 | D:5      | Lost mutation: Your flesh is cold resistant. (rC+) [mutagenic meat]
  5854 | D:5      | Gained mutation: You are robust. (+10% HP) [mutagenic meat]
  5855 | D:5      | Gained mutation: Your mind is acute. (Int +2) [mutagenic meat]
  5856 | D:5      | Gained mutation: Scrolls take you a little longer to read. [mutagenic meat]
  5887 | D:5      | Noticed Eustachio
  5923 | D:5      | Killed Eustachio
  6072 | D:5      | Reached XP level 9. HP: 38/52 MP: 17/22
  6077 | D:5      | Gained mutation: Your magical capacity is low. (-10% MP) [mutagenic meat]
  6078 | D:5      | Gained mutation: Your body sometimes deteriorates upon taking damage. [mutagenic meat]
  6079 | D:5      | Lost mutation: Potions and wands are less effective at restoring your health. [mutagenic meat]
  6510 | D:6      | Noticed a deep elf mage
  6518 | D:6      | Killed a deep elf mage
  6532 | D:6      | Learned a level 3 spell: Confuse
  6536 | D:6      | Learned a level 3 spell: Gell's Gravitas
  6538 | D:6      | Learned a level 1 spell: Confusing Touch
  6653 | D:6      | Reached skill level 8 in Spellcasting
  8444 | D:7      | Gained mutation: You can translocate small distances at will. [potion of beneficial mutation]
  8560 | D:7      | Noticed Pikel
  8813 | D:7      | Found a staircase to the Ecumenical Temple.
  8846 | D:7      | Reached skill level 9 in Spellcasting
  8846 | D:7      | Killed Pikel
  8846 | D:7      | Reached XP level 10. HP: 53/58 MP: 7/22
  8976 | D:7      | Found Sustragih's Distillery.
  9009 | D:7      | Bought a potion of heal wounds for 75 gold pieces
  9009 | D:7      | Bought a potion of curing for 45 gold pieces
  9033 | D:7      | Found Loamol's General Store.
  9041 | D:7      | Bought a scroll of teleportation for 36 gold pieces
  9041 | D:7      | Bought a scroll of teleportation for 36 gold pieces
  9228 | Temple   | Entered the Ecumenical Temple
  9560 | Temple   | Became a worshipper of Vehumet
  9715 | D:8      | Noticed a deep elf mage
  9719 | D:8      | Found a staircase to the Lair.
  9725 | D:8      | Killed a deep elf mage
 10177 | D:8      | Found a snail-covered altar of Cheibriados.
 10408 | D:8      | Reached skill level 10 in Spellcasting
 10977 | D:8      | Found an iron altar of Okawaru.
 11066 | D:8      | Reached * piety under Vehumet
 11066 | D:8      | Offered knowledge of Magic Dart by Vehumet.
 11066 | D:8      | Reached skill level 1 in Armour
 11323 | D:8      | Learned a level 5 spell: Fireball
 11329 | Lair:1   | Entered Level 1 of the Lair of Beasts
 11370 | Lair:1   | Noticed a spiny frog
 11425 | Lair:1   | Killed a spiny frog
 11899 | Lair:1   | Reached XP level 11. HP: 43/64 MP: 8/24
 12089 | Lair:1   | Noticed a six-headed hydra
 12104 | Lair:1   | Killed a six-headed hydra
 12104 | Lair:1   | Reached skill level 5 in Hexes
 12745 | Lair:1   | Reached skill level 1 in Translocations
 12745 | Lair:1   | Reached skill level 1 in Evocations
 12857 | Lair:1   | Offered knowledge of Sting by Vehumet.
 12861 | Lair:1   | Reached ** piety under Vehumet
 12935 | Lair:1   | Learned a level 1 spell: Sting
 13617 | Lair:1   | Reached skill level 1 in Poison Magic
 13626 | Lair:1   | Reached skill level 10 in Fire Magic
 13918 | Lair:2   | Found a glowing silver altar of Zin.
 13918 | Lair:2   | Noticed an oklob plant
 13971 | Lair:2   | Reached skill level 5 in Short Blades
 14164 | Lair:2   | Killed an oklob plant
 14288 | Lair:2   | Reached XP level 12. HP: 40/72 MP: 20/25
 15022 | Lair:3   | Learned a level 2 spell: Searing Ray
 15026 | Lair:3   | Learned a level 3 spell: Dazzling Spray
 15208 | Lair:3   | Found a staircase to the Shoals.
 15315 | Lair:3   | Found a hole to the Spider Nest.
 15316 | Lair:3   | Offered knowledge of Ignite Poison by Vehumet.
 15715 | Lair:4   | Noticed a five-headed hydra
 15726 | Lair:4   | Killed a five-headed hydra
 15986 | Lair:4   | Got an ichor-stained great sword
 15995 | Lair:4   | Identified the +9 great sword "Fottory" {flame, Str+2} (You found it on level 4 of the Lair of Beasts)
 16014 | Lair:4   | Reached skill level 11 in Spellcasting
 16040 | Lair:4   | Reached *** piety under Vehumet
 16344 | Lair:4   | Reached skill level 1 in Long Blades
 16617 | Lair:4   | Reached skill level 10 in Conjurations
 17140 | Lair:5   | Noticed Nessos
 17263 | Lair:5   | Offered knowledge of Force Lance by Vehumet.
 17272 | Lair:5   | Reached XP level 13. HP: 44/79 MP: 25/27
 17610 | Lair:5   | Reached skill level 5 in Long Blades
 17614 | Lair:5   | Reached skill level 10 in Dodging
 17635 | Lair:5   | Noticed Urug
 17681 | Lair:5   | Killed Urug
 17890 | Lair:5   | Killed Nessos
 18059 | Lair:6   | Entered Level 6 of the Lair of Beasts
 18060 | Lair:6   | Reached **** piety under Vehumet
 18073 | Lair:6   | Offered knowledge of Venom Bolt by Vehumet.
 18507 | Lair:6   | Reached skill level 12 in Spellcasting
 18517 | Lair:6   | Reached skill level 5 in Fighting
 19234 | Lair:6   | Reached ***** piety under Vehumet
 19273 | Lair:6   | Offered knowledge of Ozocubu's Refrigeration by Vehumet.
 19289 | Lair:6   | Found a staircase to the Slime Pits.
 19382 | Lair:6   | Learned a level 5 spell: Iskenderun's Battlesphere
 19831 | Lair:6   | Noticed a dire elephant
 19831 | Lair:6   | Noticed a dire elephant
 19855 | Lair:6   | Killed a dire elephant
 19862 | Lair:6   | Killed a dire elephant
 19880 | Lair:6   | Got a scorched turquoise ring
 19898 | Lair:6   | Identified the ring "Fiugahep" {*Slow rPois MR+ Dex+5} (You found it on level 6 of the Lair of Beasts)
 20033 | Lair:6   | Noticed a dire elephant
 20049 | Lair:6   | Killed a dire elephant
 20125 | Lair:6   | Noticed a dire elephant
 20130 | Lair:6   | Noticed a dire elephant
 20145 | Lair:6   | Mangled by a dire elephant

Skill      XL: |  1  2  3  4  5  6  7  8  9 10 11 12 13 |
---------------+----------------------------------------+-----
Conjurations   | 2 3 4 5 6 7 9 10 | 10.8
Spellcasting   | 4 5 6 7 9 10 11 12 | 12.6
Dodging        | 3 4 6 7 8 9 10 | 10.6
Fire Magic     | 4 5 6 8 9 10 | 10.8
Short Blades   | 1 2 3 5 |  5.2
Stealth        | 3 4 5 6 7 8 9 |  9.5
Hexes          | 1 2 3 4 5 6 |  6.5
Fighting       | 1 2 3 4 5 |  5.4
Armour         | 2 3 4 |  4.5
Translocations | 1 |  1.6
Evocations     | 1 2 |  2.1
Poison Magic   | 1 |  1.9
Long Blades    | 4 7 |  7.5
Charms         | |  0.4

Action                   |  1- 3 |  4- 6 |  7- 9 | 10-12 | 13-15 || total
-------------------------+-------+-------+-------+-------+-------++-------
Melee: Short sword       |     7 |       |    82 |   139 |       ||   228
       Dagger            |     9 |    18 |    30 |    73 |    13 ||   143
       Unarmed           |       |       |     1 |     9 |       ||    10
       Great sword       |       |       |       |    62 |   101 ||   163
 Cast: Flame Tongue      |    42 |    81 |   160 |   205 |    50 ||   538
       Conjure Flame     |       |     8 |    14 |    32 |    12 ||    66
       Throw Flame       |       |     4 |    11 |     4 |     1 ||    20
       Inner Flame       |       |     6 |     8 |     7 |       ||    21
       Confuse           |       |       |    10 |    19 |     4 ||    33
       Sticky Flame      |       |       |     3 |    77 |    45 ||   125
       Confusing Touch   |       |       |     1 |     5 |       ||     6
       Gell's Gravitas   |       |       |       |     3 |     7 ||    10
       Sting             |       |       |       |    32 |     2 ||    34
       Dazzling Spray    |       |       |       |     6 |    11 ||    17
       Fireball          |       |       |       |     2 |     7 ||     9
       Searing Ray       |       |       |       |     2 |     3 ||     5
       Iskenderun's Batt |       |       |       |       |     3 ||     3
 Abil: Blink             |       |       |       |    10 |     2 ||    12
Evoke: Wand              |       |     3 |     1 |    12 |     9 ||    25
  Use: Scroll            |     5 |     9 |     5 |     6 |     5 ||    30
       Potion            |       |     1 |     8 |     7 |     3 ||    19
 Stab: Sleeping          |     1 |     7 |    15 |    10 |     4 ||    37
       Distracted        |       |     2 |     1 |       |     1 ||     4
       Confused          |       |       |     2 |     6 |     4 ||    12
       Invisible         |       |       |       |     2 |     2 ||     4
  Eat: Chunk             |     1 |     8 |    24 |    24 |    11 ||    68
       Meat ration       |       |       |     1 |       |       ||     1
Armor: Robe              |     9 |    10 |    30 |    18 |       ||    67
       Leather armour    |       |       |       |    94 |    60 ||   154
Dodge: Dodged            |    22 |    34 |   112 |   374 |   163 ||   705
       Rpst.: Great sword |       |       |       |    16 |    35 ||    51
